 Dungeon Crawl Stone Soup version 0.27-a0-1347-gd8886f0a89 (webtiles) character file.

Game seed: 2669988920118839397

176 sanka the Magician (level 5, -4/35 HPs)
             Began as a Djinni Summoner on June 27, 2021.
             Slain by a gnoll (5 damage)
             ... on level 3 of the Dungeon.
             The game lasted 00:09:06 (4337 turns).

sanka the Magician (Djinni Summoner)                Turns: 4337, Time: 00:09:07

Health: -4/35      AC:  2    Str:  7    XL:     5   Next: 86%
Gold:   83         EV: 12    Int: 17    God:
                   SH:  0    Dex: 14

rFire    + + .     SeeInvis .   j - +2 dagger (pain)
rCold    x . .     Faith    .   (no shield)
rNeg     . . .     Spirit   .   a - +0 robe
rPois    ∞         Reflect  .   (no helmet)
rElec    .         Harm     .   (no cloak)
rCorr    .         Rampage  .   (no gloves)
Will     .....                  (boots unavailable)
Stlth    ++........             (no amulet)
HPRegen  0.11/turn              (no ring)
MPRegen  0.00/turn              (no ring)

@: flying
A: sickness immunity, fire resistance 2, cold vulnerability 1, float, innate
caster, hp casting, extra vitality 1
a: no special abilities


You were on level 3 of the Dungeon.
You visited 1 branch of the dungeon, and saw 3 of its levels.
You also visited: Sewer.

You collected 83 gold pieces.


Innate Abilities, Weirdness & Mutations

You are immune to sickness and miasma.
You are immune to poison.
Your flesh is very heat resistant. (rF++)
You are vulnerable to cold. (rC-)
You float through the air rather than walking.
You learn spells naturally, not from books.
Your magical power is your life essence.
You have superior vitality. (+4 HP)


   Skills:
 - Level 2.1 Dodging
 - Level 1.5 Stealth
 + Level 5.2 Spellcasting


You couldn't memorise any spells.
You knew the following spells:

 Your Spells              Type           Power      Damage    Failure   Level
c - Call Canine Familiar  Summ           22%        N/A       4%          3
u - Call Imp              Summ           22%        N/A       2%          2
v - Summon Ice Beast      Ice/Summ       22%        N/A       16%         4
x - Summon Small Mammal   Summ           88%        N/A       1%          1
y - Pain                  Necr           88%        1d8       1%          1
z - Searing Ray           Conj           44%        3d4       2%          2
X - Summon Lightning Spi  Summ/Air       22%        N/A       16%         4
Z - Summon Guardian Gole  Hex/Summ       22%        N/A       4%          3
Your spell library was empty.

Inventory:

Hand Weapons
 b - a +0 hand axe
 j - a +2 dagger of pain (weapon)
Missiles
 i - 3 javelins
Armour
 a - a +0 robe (worn)
Jewellery
 n - a ring of wizardry
Scrolls
 c - 2 scrolls of blinking {unknown}
 d - a scroll of immolation {!r}
 e - a scroll of summoning
 f - a scroll of amnesia
 m - a scroll of fog {unknown}
Potions
 g - a potion of degeneration {unknown}
 h - 2 potions of heal wounds {unknown}
 k - a potion of might {unknown}
 l - a potion of attraction {unknown}
 o - 2 potions of curing {unknown}
 p - 3 potions of brilliance {unknown}

Dungeon Overview and Level Annotations

Branches:
Dungeon (3/15)              Sewer (visited)

Altars:

Shops:
D:1

! ░▒....░░░,░░░,,,,,░░,,
░.....░░░_,,+,░░,,░░░,
░▒▒.▒...░░░,░░░,,.,░░░░░
░,......▒ ░,░ ░,..,,░,,,
░░░▒..▒.▒▒▒+▒▒▒...,░░,░░
░▒.▒...........,░░,░,
▒............▒.▒░,,░
▒▒▒▒.▒▒g.)....▒,..▒▒,░,
▒▒.....R▒.▒▒...▒▒...░,░░
▒▒.........▒,,▒..▒▒.▒▒,,,
▒..........▒.░░▒.....▒▒▒▒
▒............▒ ▒..▒.▒▒...
▒..........▒▒▒ ▒.........
▒..>..[....▒ ▒.▒.......
▒..........▒ ▒▒.▒.......
▒▒........▒▒▒▒▒..▒....<..
▒▒........▒▒..).▒▒▒▒▒▒▒..


You could see a gnoll.


Message History

A gnoll is nearby!
The gnoll shouts!
You hear a shout!
The gnoll hits you from afar with a +0 spear!
Aiming: Searing Ray (safe; 2% risk of failure)
Aim: a gnoll, wielding a +0 spear (81% to hit)
The searing ray hits the gnoll!
The gnoll is severely wounded. (Press . to maintain the ray.)
The gnoll hits you from afar with a +0 spear!
* * * LOW HITPOINT WARNING * * *
The searing ray hits the gnoll!
You kill the gnoll!
* * * LOW HITPOINT WARNING * * *
The searing ray misses the gnoll.
* * * LOW HITPOINT WARNING * * *
The searing ray hits the gnoll.
The gnoll is lightly wounded.
* * * LOW HITPOINT WARNING * * *
You finish channeling your searing ray.
Aiming: Searing Ray (safe; 2% risk of failure)
Aim: a gnoll, wielding a +0 flail (lightly wounded, 81% to hit)
The searing ray hits the gnoll.
The gnoll is heavily wounded. (Press . to maintain the ray.)
* * * LOW HITPOINT WARNING * * *
The gnoll hits you with a +0 flail!
* * * LOW HITPOINT WARNING * * *
The gnoll hits you with a +0 flail.
You die...

Action                   |  1- 3 |  4- 6 || total
-------------------------+-------+-------++-------
Melee: Hand axe          |    47 |       ||    47
       Dagger            |    14 |   108 ||   122
 Cast: Summon Small Mamm |     2 |     4 ||     6
       Call Imp          |    11 |    13 ||    24
       Call Canine Famil |     1 |       ||     1
       Searing Ray       |       |    14 ||    14
  Use: Scroll            |       |     5 ||     5
 Stab: Sleeping          |     2 |     3 ||     5
       Distracted        |     1 |     1 ||     2
Armor: Robe              |    17 |    23 ||    40
Dodge: Dodged            |    40 |    86 ||   126

Levels and vault maps discovered:
D:1:      saegor_arrival_simple_c, layout_loops_cross, serial_shops,
          nicolae_shop_trees, minmay_misc_feat_iff
D:2:      layout_rooms, uniq_terence
D:3:      layout_rooms, lemuel_doored_altar, ebering_ecumenical_altar_mist,
          cheibrodos_sewer_entry_bend, kennysheep_generic_room_9

Notes
Turn   | Place    | Note
-------+----------+-------------------------------------------
     0 | D:1      | sanka the Djinni Summoner began the quest for the Orb.
     0 | D:1      | Reached XP level 1. HP: 15/15 MP: 0/0
     6 | D:1      | Found Sojithok's Distillery.
   304 | D:1      | Reached XP level 2. HP: 13/21 MP: 0/0
  1677 | D:2      | Noticed Terence
  1686 | D:2      | Killed Terence
  1687 | D:2      | Reached skill level 4 in Spellcasting
  1687 | D:2      | Reached XP level 3. HP: 19/25 MP: 0/0
  1687 | D:2      | Learned a level 1 spell: Pain
  2074 | D:2      | Reached XP level 4. HP: 28/31 MP: 0/0
  2694 | D:3      | Found a faded altar of an unknown god.
  3226 | D:3      | Found a glowing drain.
  3234 | Sewer    | Entered a sewer
  3592 | Sewer    | Reached XP level 5. HP: 29/35 MP: 0/0
  3592 | Sewer    | Learned a level 2 spell: Searing Ray
  3961 | Sewer    | Reached skill level 5 in Spellcasting
  4336 | D:3      | HP: 1/35 [gnoll (9)]
  4337 | D:3      | Slain by a gnoll

Vanquished Creatures
  Terence (D:2)
  A gnoll (D:3)
  An adder (D:3)
  5 river rats (Sewer)
  A worm (D:3)
  A dart slug (D:2)
  4 ball pythons
  7 endoplasms
  4 giant cockroaches
  5 goblins
  2 hobgoblins (D:1)
  3 kobolds
  A quokka (D:1)
  2 bats (D:3)
  7 frilled lizards
  10 rats
55 creatures vanquished.

Vanquished Creatures (collateral kills)
  An orc wizard (D:2)
  A gnoll (D:3)
  2 river rats (Sewer)
  3 orcs
  2 endoplasms
  A giant cockroach (D:3)
  2 kobolds
  A quokka (D:1)
  A ball python (Sewer)
  A bat (D:3)
  A rat (Sewer)
16 creatures vanquished.

Grand Total: 71 creatures vanquished
